 Dungeon Crawl Stone Soup version 0.21.1-1-g345015f (webtiles) character file.

266 daodarkstar the Skirmisher (level 6, -13/48 HPs)
             Began as a Demonspawn Fighter on Feb 18, 2018.
             Mangled by Prince Ribbit (15 damage)
             ... on level 5 of the Dungeon.
             The game lasted 00:03:57 (2816 turns).

daodarkstar the Skirmisher (Demonspawn Fighter)     Turns: 2816, Time: 00:03:58

Health: -13/48     AC:  0    Str: 16    XL:     6   Next: 0%
Magic:  6/6        EV: 18    Int: 10    God:
Gold:   226        SH:  0    Dex: 19    Spells: 5/5 levels left

rFire    . . .     SeeInvis .   (no weapon)
rCold    . . .     Gourm    .   (no shield)
rNeg     . . .     Faith    .   (no armour)
rPois    .         Spirit   .   (no helmet)
rElec    .         Reflect  .   (no cloak)
rCorr    .         Harm     .   (no gloves)
MR       .....                  (no boots)
Stlth    +++.......             (no amulet)
HPRegen  0.16/turn              m - ring of wizardry
MPRegen  0.10/turn              (no ring)

@: agile
A: claws 1, powered by pain 1
a: no special abilities


You were on level 5 of the Dungeon.
You were hungry.

You visited 1 branch of the dungeon, and saw 5 of its levels.

You collected 226 gold pieces.

Inventory:

Armour
 c - a +0 shield
Jewellery
 m - a ring of wizardry (left claw)
Scrolls
 e - a scroll of remove curse
 g - a scroll of magic mapping {unknown}
 n - a scroll of amnesia
 o - 2 scrolls of enchant armour {unknown}
 p - a scroll of fog {unknown}
 q - a scroll of blinking {unknown}
 u - a scroll of fear {unknown}
 v - a scroll of identify
Potions
 d - a potion of might
 i - a potion of curing {unknown}
 j - a potion of heal wounds {unknown}
 k - 2 potions of agility
 l - a potion of haste
 s - a potion of ambrosia
 t - 3 potions of lignification
Comestibles
 f - 5 rations


   Skills:
 + Level 4.2 Fighting
   Level 3.2 Axes
 + Level 3.7 Armour
 + Level 2.4 Dodging
 - Level 2.6 Shields


You had 5 spell levels left.
You didn't know any spells.

Dungeon Overview and Level Annotations

Branches:
Dungeon (5/15)
 Temple: D:4-7

Altars:
Cheibriados
Makhleb
Uskayaw
Yredelemnul

Annotations:
D:5 Prince Ribbit


Innate Abilities, Weirdness & Mutations

You have sharp fingernails.
You sometimes gain a little power by taking damage.


Message History

Prince Ribbit closely misses you.
You scratch Prince Ribbit but do no damage.
Prince Ribbit is lightly wounded.
Prince Ribbit hits you.
* * * LOW HITPOINT WARNING * * *
Prince Ribbit closely misses you.
You scratch Prince Ribbit.
Prince Ribbit is moderately wounded.
Prince Ribbit blinks!
Prince Ribbit catches a butterfly with his tongue.
Prince Ribbit catches a fly with his tongue.
Prince Ribbit blinks!
Prince Ribbit blinks!
Prince Ribbit hits you.
* * * LOW HITPOINT WARNING * * *
Prince Ribbit barely misses you.
There is a stone staircase leading down here.
Prince Ribbit croaks regally.
Prince Ribbit hits you!
You die...

.. #.#....# #.#.#
#......## ##...#
#.......#
.........#####.#
#..####### #.#
#........###.#
#..#.........#
#............#
#@F..........#
#.......#.#............
#....##.#...#.#########
#.##. ..#.###.# # #
#.##.. ..# #. ##.###.
#. .# . ## .# ..


You could see Prince Ribbit.

Vanquished Creatures
  A hound (D:3)
  3 iron imps (D:3)
  A worker ant (D:3)
  An adder (D:2)
  2 oozes
  2 dart slugs (D:2)
  4 worms
  2 leopard geckos
  7 bats
  15 giant cockroaches
  10 goblins
  11 hobgoblins
  5 jackals
  10 kobolds
  2 quokkas (D:3)
  A ball python (D:2)
  3 frilled lizards
  5 rats
  A spectral orc (D:2)
86 creatures vanquished.

Notes
Turn   | Place    | Note
-------+----------+-------------------------------------------
     0 | D:1      | daodarkstar the Demonspawn Fighter began the quest for the Orb.
     0 | D:1      | Reached XP level 1. HP: 18/18 MP: 1/1
    60 | D:1      | Gained mutation: You have sharp fingernails. [demonic ancestry]
    60 | D:1      | Reached XP level 2. HP: 22/24 MP: 2/2
   403 | D:1      | Reached skill level 1 in Dodging
   435 | D:1      | Reached XP level 3. HP: 20/29 MP: 3/3
  1089 | D:2      | Reached XP level 4. HP: 30/35 MP: 4/4
  1526 | D:2      | Found a snail-covered altar of Cheibriados.
  1565 | D:2      | Found a basalt altar of Yredelemnul.
  1894 | D:3      | Found a hide-covered altar of Uskayaw.
  1932 | D:3      | Reached XP level 5. HP: 41/42 MP: 5/5
  2200 | D:3      | Found a burning altar of Makhleb.
  2240 | D:3      | Reached skill level 4 in Fighting
  2716 | D:3      | Gained mutation: You sometimes gain a little power by taking damage. [demonic ancestry]
  2716 | D:3      | Reached XP level 6. HP: 48/48 MP: 6/6
  2765 | D:5      | Entered Level 5 of the Dungeon
  2781 | D:5      | Noticed Prince Ribbit
  2812 | D:5      | HP: 1/48 [Prince Ribbit (6)]
  2816 | D:5      | Mangled by Prince Ribbit

Skill      XL: |  1  2  3  4  5 |
---------------+----------------+-----
Axes           | 2 3 |  3.2
Armour         | 3 |  3.7
Dodging        | 1 2 |  2.4
Fighting       | 4 |  4.2
Shields        | |  2.6

Action                   |  1- 3 |  4- 6 || total
-------------------------+-------+-------++-------
Melee: War axe           |   118 |   160 ||   278
       Unarmed           |       |    10 ||    10
  Use: Scroll            |       |     8 ||     8
  Eat: Chunk             |     1 |     5 ||     6
Armor: Scale mail        |    58 |    74 ||   132
Dodge: Dodged            |    53 |    90 ||   143
Block: Shield            |    15 |       ||    15
       Buckler           |    30 |    69 ||    99
